 Dungeon Crawl Stone Soup version 0.21.1-1-g345015fe64 (webtiles) character file.

165 P0ring the Slinger (level 5, -10/35 HPs)
             Began as a Halfling Hunter on Apr 14, 2018.
             Mangled by an ogre
             ... wielding a +0 giant club
              (24 damage)
             ... on level 4 of the Dungeon.
             The game lasted 00:19:52 (2886 turns).

P0ring the Slinger (Halfling Hunter)                Turns: 2886, Time: 00:19:53

Health: -10/35     AC:  3    Str: 13    XL:     5   Next: 75%
Magic:  5/5        EV: 15    Int:  9    God:
Gold:   136        SH:  0    Dex: 16    Spells: 4/4 levels left

rFire    . . .     SeeInvis .   a - +1 hunting sling
rCold    . . .     Gourm    .   (shield restricted)
rNeg     + . .     Faith    .   c - +0 leather armour
rPois    .         Spirit   .   (no helmet)
rElec    .         Reflect  .   (no cloak)
rCorr    .         Harm     .   (no gloves)
MR       .....                  (no boots)
Stlth    ++........             (no amulet)
HPRegen  0.11/turn              j - ring of positive energy
MPRegen  0.09/turn              (no ring)

@: about to teleport
A: small, mutation resistance 1
a: no special abilities


You were on level 4 of the Dungeon.
You were not hungry.

You visited 1 branch of the dungeon, and saw 4 of its levels.

You collected 136 gold pieces.

Inventory:

Hand Weapons
 a - a +1 hunting sling (weapon)
 b - a +0 short sword
 h - a +0 mace
 l - a +0 dagger
 s - a +0 spear
 t - a +0 dagger
 z - a +0 quarterstaff
Missiles
 d - 3 sling bullets (quivered)
 g - 110 stones
 i - 10 bolts
 k - 57 arrows
 u - 25 poisoned needles
Armour
 c - a +0 leather armour (worn)
 n - a +0 robe
 o - a +0 ring mail
 q - a +0 ring mail
 v - a +0 leather armour
Jewellery
 j - a ring of positive energy (left hand)
Scrolls
 p - 3 scrolls of teleportation
 w - 2 scrolls of remove curse
 x - a scroll of amnesia
 y - a scroll of enchant armour {unknown}
 A - a scroll of random uselessness {unknown}
Potions
 e - a potion of agility
 m - a potion of curing
 r - 2 potions of mutation {unknown}
Comestibles
 f - 6 rations


   Skills:
 + Level 2.4 Fighting
 + Level 8.7 Slings
 + Level 1.0 Armour
 + Level 2.3 Dodging
 + Level 1.2 Stealth


You had 4 spell levels left.
You didn't know any spells.

Dungeon Overview and Level Annotations

Branches:
Dungeon (4/15)
 Temple: D:4-7

Altars:
Ru
Sif Muna

Annotations:
D:3 htuhola's ghost, amateur DsGl
D:4 Dowan; Duvessa


Innate Abilities, Weirdness & Mutations

You are small and have problems with some larger weapons.
You are somewhat resistant to further mutation.


Message History

The ogre completely misses you.
You climb upwards.
Level annotation: htuhola's ghost, amateur DsGl Htuhola's ghost closely misses you.
Htuhola's ghost barely misses you.
There is a stone staircase leading down, spattered with blood here.
Htuhola's ghost screams, "You will never get the ORB!"
Htuhola's ghost lets out a mournful wail.
Htuhola's ghost wails, "Do you think the gods will protect you?"
There is a stone staircase leading down here.
The ogre hits you with a giant club!!
Ouch! That really hurt!
You climb downwards.
Level annotation: Dowan; Duvessa An adder and a giant cockroach come into view.
Found 15 bolts.
There is a stone staircase leading up here.
As you read the scroll of teleportation, it crumbles to dust.
You feel strangely unstable. The ogre hits you with a giant club!!
Ouch! That really hurt!
You die...

.......
##s......
#........
#........
#........
#........
#.O......
#@.......
#.....(...
##.......#
#.......#
#..S...##
#......#
#.....##
#######


You could see an ogre, an adder (sleeping) and a giant cockroach (sleeping).

Vanquished Creatures
  2 orc wizards (D:4)
  5 adders
  An ooze (D:2)
  3 dart slugs
  3 orcs (D:4)
  6 bats
  6 giant cockroaches
  3 hobgoblins
  3 jackals (D:1)
  A quokka (D:2)
  3 frilled lizards
  5 goblins
  3 kobolds
  8 rats
52 creatures vanquished.

Notes
Turn   | Place    | Note
-------+----------+-------------------------------------------
     0 | D:1      | P0ring the Halfling Hunter began the quest for the Orb.
     0 | D:1      | Reached XP level 1. HP: 14/14 MP: 1/1
    72 | D:1      | Reached skill level 6 in Slings
   248 | D:1      | Reached XP level 2. HP: 19/19 MP: 2/2
   605 | D:1      | Reached XP level 3. HP: 24/24 MP: 3/3
   720 | D:2      | Reached skill level 7 in Slings
  1002 | D:2      | Reached XP level 4. HP: 26/29 MP: 4/4
  1479 | D:3      | Noticed htuhola's ghost (amateur DsGl)
  1665 | D:3      | Reached skill level 8 in Slings
  1914 | D:3      | Found a deep blue altar of Sif Muna.
  2202 | D:3      | Reached XP level 5. HP: 31/34 MP: 5/5
  2350 | D:4      | Found a sacrificial altar of Ru.
  2419 | D:4      | Reached skill level 1 in Armour
  2789 | D:4      | Noticed Dowan
  2789 | D:4      | Noticed an ogre
  2791 | D:4      | Noticed Duvessa
  2886 | D:4      | Mangled by an ogre

Skill      XL: |  1  2  3  4  5 |
---------------+----------------+-----
Slings         | 6 7 8 |  8.7
Fighting       | 2 |  2.4
Armour         | 1 |  1.0
Dodging        | |  2.3
Stealth        | |  1.2

Action                   |  1- 3 |  4- 6 || total
-------------------------+-------+-------++-------
 Fire: Hunting sling     |    83 |    68 ||   151
  Use: Scroll            |     1 |     8 ||     9
       Potion            |       |     2 ||     2
  Eat: Chunk             |       |     2 ||     2
       Ration            |       |     1 ||     1
Armor: Leather armour    |     4 |     9 ||    13
Dodge: Dodged            |    13 |    26 ||    39
